General information
- name: BNet
- type: Ladder 1vs1/FFA
- host: Battle.net
- saver: schmitty9800
map: TurtleRock
- players: 2
- length: 20:46
- speed: Fast
- version: 1.23 W3XP
- replay type: Public
» download(72 KB)
Players
team 1 (loser)
todumax (
red | 84 APM | 1751 actions | 20:45)
4 Blademaster
2 Wind Walk
2 Critical Strike
» actions
| Assign group hotkey | 34 | |
| Basic commands | 1 | |
| Build / train | 70 | |
| ESC pressed | 5 | |
| Enter build submenu | 19 | |
| Enter hero's abilities submenu | 4 | |
| Give item / drop item | 5 | |
| Remove unit from queue | 5 | |
| Right click | 863 | |
| Select / deselect | 188 | |
| Select group hotkey | 437 | |
| Use ability | 120 | |
1751 total
» units
» upgrades
| Liquid Fire | 1 | |
| Reinforced Defenses | 0 | |
| Ranged Weapons | 2 | |
3 total
» buildings
| Altar of Storms | 1 | |
| Orc Burrow | 8 | |
| War Mill | 1 | |
| Voodoo Lounge | 1 | |
| Watch Tower | 6 | |
| Stronghold | 4 | |
| Beastiary | 2 | |
| Fortress | 3 | |
| Tauren Totem | 1 | |
27 total
» build order
00:07 Altar of Storms
00:14 Orc Burrow
00:41 War Mill
01:06 Voodoo Lounge
02:03 Watch Tower
02:17 Watch Tower
03:21 Stronghold
03:27 Watch Tower
04:03 Watch Tower
04:17 Watch Tower
04:20 Stronghold
04:20 Stronghold
05:08 Watch Tower
06:43 Beastiary
06:45 Beastiary
07:02 Fortress
07:03 Fortress
07:03 Fortress
07:11 Orc Burrow
07:17 Orc Burrow
08:37 Orc Burrow
08:58 Orc Burrow
12:01 Orc Burrow
13:55 Tauren Totem
16:26 Orc Burrow
16:28 Orc Burrow
» items
| Healing Salve | 4 | |
| Lesser Clarity Potion | 6 | |
| Scroll of Speed | 1 | |
| Potion of Healing | 5 | |
| Orb of Lightning | 2 | |
| Potion of Mana | 2 | |
20 total
team 2 (winner)
schmitty9800 (
teal | 119 APM | 2469 actions | 20:46)
4 Death Knight
2 Death Coil
1 Unholy Aura
1 Death Pact
3 Lich
1 Frost Armor
2 Frost Nova
2 Dreadlord
1 Sleep
1 Vampiric Aura
» actions
| Assign group hotkey | 52 | |
| Basic commands | 91 | |
| Build / train | 51 | |
| ESC pressed | 4 | |
| Enter build submenu | 16 | |
| Enter hero's abilities submenu | 9 | |
| Give item / drop item | 6 | |
| Right click | 985 | |
| Select / deselect | 379 | |
| Select group hotkey | 782 | |
| Use ability | 94 | |
2469 total
» units
| Acolyte | 3 | |
| Ghoul | 4 | |
| Crypt Fiend | 8 | |
| Obsidian Statue | 3 | |
| Banshee | 1 | |
| Meatwagon | 2 | |
21 total
» upgrades
| Web | 1 | |
| Burrow | 2 | |
| Destroyer Form | 1 | |
| Banshee Training | 1 | |
5 total
» buildings
| Crypt | 1 | |
| Altar of Darkness | 1 | |
| Graveyard | 1 | |
| Ziggurat | 6 | |
| Tomb of Relics | 1 | |
| Nerubian Tower | 1 | |
| Halls of the Dead | 1 | |
| Slaughterhouse | 1 | |
| Black Citadel | 1 | |
| Temple of the Damned | 1 | |
| Spirit Tower | 1 | |
16 total
» build order
00:07 Crypt
00:21 Altar of Darkness
00:33 Graveyard
00:53 Ziggurat
01:42 Tomb of Relics
02:03 Ziggurat
02:57 Nerubian Tower
04:09 Halls of the Dead
05:30 Ziggurat
08:15 Slaughterhouse
08:17 Black Citadel
09:01 Ziggurat
09:46 Temple of the Damned
12:13 Ziggurat
16:47 Ziggurat
18:14 Spirit Tower
» items
| Rod of Necromancy | 4 | |
| Dust of Appearance | 2 | |
| Potion of Healing | 1 | |
7 total
Chat log
(04:53 / All) todumax: pwd
(05:12 / All) schmitty9800: gj